 Dungeon Crawl Stone Soup version 0.30.1-4-g462c640d31 (webtiles) character file.

Game seed: 12103400065113892512

1483 H0rd4k the Insei (level 8, -1/50 HPs)
             Began as an Octopode Artificer on Aug 18, 2023.
             Slain by a kobold brigand
             ... wielding a +0 short sword
              (8 damage)
             ... on level 6 of the Dungeon.
             The game lasted 00:05:04 (5268 turns).

H0rd4k the Insei (Octopode Artificer)               Turns: 5268, Time: 00:05:04

Health: -1/50      AC:  1    Str: 11    XL:     8   Next: 79%
Magic:  8/8        EV: 17    Int: 28    God:
Gold:   359        SH:  5    Dex: 24    Spells: 7/7 levels left

rFire   . .          .
                       - Unarmed
rCold   + . .        (no shield)
rNeg    . . .        (helmet restricted)
rPois   .            y - amulet of reflection
rElec   .            l - +6 ring of dexterity
rCorr   .            m - +6 ring of intelligence
SInv    .            p - +6 ring of dexterity
Will    .....        v - ring of protection from cold
Stlth   +++          z - +6 ring of intelligence
HPRegen 0.28/turn    (no ring)
MPRegen 0.11/turn    (no ring)
                     (no ring)

%: reflection
@: lethally poisoned (-1 -> -14), slowed, very slow
A: almost no armour, amphibious, 8 rings, camouflage 1, gelatinous body 1,
(nimble swimmer 1), tentacles
a: no special abilities


You were on level 6 of the Dungeon.
You visited 2 branches of the dungeon, and saw 7 of its levels.

You collected 359 gold pieces.

Inventory:

Missiles
 k - 5 datura-tipped darts
Magical Staves
 t - a staff of poison
Jewellery
 l - a +6 ring of dexterity (left tentacle)
 m - a +6 ring of intelligence (right tentacle)
 p - a +6 ring of dexterity (on tentacle)
 v - a ring of protection from cold (on tentacle)
 y - an amulet of reflection (around mantle)
 z - a +6 ring of intelligence (on tentacle)
 C - a ring of fire
Wands
 b - a wand of flame (4) (quivered)
 c - a wand of charming (5)
 d - a wand of iceblast (3)
 A - a wand of polymorph (4)
Scrolls
 e - 3 scrolls of enchant weapon {unknown}
 f - a scroll of poison {unknown}
 n - a scroll of butterflies {unknown}
 o - a scroll of noise {unknown}
 r - 3 scrolls of enchant armour
 s - 2 scrolls of amnesia {unknown}
 w - 4 scrolls of immolation
 x - 4 scrolls of teleportation
Potions
 a - 3 potions of might {unknown}
 g - a potion of mutation
 h - a potion of brilliance
 i - 3 potions of curing {unknown}
 j - 3 potions of invisibility
 q - a potion of flight {unknown}
 u - a potion of haste {unknown}
 B - 2 potions of lignification {unknown}


   Skills:
 + Level 2.1 Fighting
 + Level 5.4 Dodging
 - Level 1.3 Stealth
 + Level 0.6 Shields
 + Level 7.5 Unarmed Combat
 + Level 6.3 Evocations


You had 7 spell levels left.
You didn't know any spells.
Your spell library was empty.

Dungeon Overview and Level Annotations

Branches:
Dungeon (6/15)             Temple (1/1) D:5

Altars:
Ashenzari
Cheibriados
Dithmenos
Elyvilon
Fedhas
Hepliaklqana
Kikubaaqudgha
Nemelex Xobeh
Qazlal
Ru
Sif Muna
Trog
Vehumet
Wu Jian
Xom
Yredelemnul
Zin
The Shining One

Shops:
D:1 ?

Annotations:
D:4 2 transporters


Innate Abilities, Weirdness & Mutations

You cannot wear most types of armour.
You are amphibious.
You can wear up to eight rings at the same time.
Your skin changes colour to match your surroundings (Stealth+).
Your rubbery body absorbs attacks. (AC +1, EV +1)
((You are camouflaged when in or above water. (Stealth+)))
You have tentacles for arms and can constrict up to eight enemies at once.


Message History

You tentacle-slap the kobold.
You kill the kobold!
You bludgeon the kobold!
You kill the kobold!
The kobold brigand throws a curare-tipped dart.
You block the curare-tipped dart with an invisible shield... and reflect it back!
The curare-tipped dart misses the kobold brigand.
The kobold closely misses you.
The kobold brigand throws a curare-tipped dart.
The curare-tipped dart hits you.
You are poisoned.
You have difficulty breathing.
You feel yourself slow down.
Things that are here:
a +0 club; 4 stones You feel very sick.
The iguana misses you. You block the kobold's attack.
The iguana closely misses you.
You feel very sick.
The kobold brigand hits you with a +0 short sword!
You feel very sick.
The kobold brigand throws a curare-tipped dart.
The curare-tipped dart hits you.
You are more poisoned.
You have difficulty breathing.
You feel as though you will be slow longer.
You tentacle-slap the kobold brigand. You grab the kobold brigand.
You squeeze the kobold brigand!
The kobold brigand is moderately wounded.
You constrict the kobold brigand.
* * * LOW HITPOINT WARNING * * *
You feel very sick.
Aiming: Charm
Press: ? - help, Shift-Dir - straight line, f - kobold brigand
Aim: a kobold brigand, wielding a +0 short sword and quivering curare-tipped darts (heavily wounded, constricted by you, chance to affect: 64%)
The kobold brigand struggles to resist.
You constrict the kobold brigand.
* * * LOW HITPOINT WARNING * * *
You feel very sick. The kobold brigand barely misses you.
The kobold brigand hits you with a +0 short sword!
You die...

# #.# ## ##.. .## #.. #
..#########.###### .###
..##..#.......#..# #....
...#..#.......#.@##.....
.....####...####K#......
......#.......#.l.......
..
.##...#...#...#.))......
..#
####..###'#'###.........
#..#
##.....#.....#.......
#.. #.....#.....#.......
#.. #.))#####...#.......
###.. ##
#.).).#_....#......#
##....


You could see a kobold brigand and an iguana.

Vanquished Creatures
  Pikel (D:5)
  An ice beast (D:5)
  An ogre (D:5)
  A black bear (D:4)
  2 centaurs
  A phantom (D:6)
  A gnoll sergeant (D:5)
  A bullfrog (D:5)
  A howler monkey (D:5)
  4 hounds
  Jessica (D:2)
  An orc wizard (D:6)
  4 iguanas
  A sleepcap (D:5)
  3 gnolls (D:5)
  5 adders
  2 white imps
  2 worms
  2 dart slugs
  8 orcs
  6 bats
  4 endoplasms
  A giant cockroach (D:1)
  7 goblins
  10 hobgoblins
  10 jackals
  10 kobolds
  2 quokkas
  5 ball pythons
  A frilled lizard (D:2)
  6 rats
105 creatures vanquished.

Vanquished Creatures (collateral kills)
  A centaur (D:5)
  2 orc priests (D:5)
  2 dart slugs (D:5)
  A goblin (D:4)
6 creatures vanquished.

Vanquished Creatures (others)
  An orc wizard (D:5)
1 creature vanquished.

Grand Total: 112 creatures vanquished

Notes
Turn   | Place    | Note
-------+----------+-------------------------------------------
     0 | D:1      | H0rd4k the Octopode Artificer began the quest for the Orb.
     0 | D:1      | Reached XP level 1. HP: 13/13 MP: 1/1
   134 | D:1      | Reached XP level 2. HP: 15/18 MP: 2/2
   329 | D:1      | Found a faded altar of an unknown god.
   432 | D:1      | Found Fiqutz's Magic Scroll Boutique.
   557 | D:1      | Reached XP level 3. HP: 20/23 MP: 3/3
  1162 | D:2      | Noticed Jessica
  1167 | D:2      | Killed Jessica
  1168 | D:2      | Reached skill level 1 in Unarmed Combat
  1168 | D:2      | Reached XP level 4. HP: 15/28 MP: 4/4
  1384 | D:2      | You fall into a shaft and drop 1 floor!
  2375 | D:3      | Reached skill level 2 in Unarmed Combat
  2404 | D:3      | Reached XP level 5. HP: 33/33 MP: 5/5
  2804 | D:4      | Found a transporter.
  2927 | D:4      | Noticed a small abomination
  3009 | D:4      | Reached skill level 3 in Unarmed Combat
  3051 | D:4      | Noticed a black bear
  3098 | D:4      | Found a transporter.
  3110 | D:4      | Noticed a kobold brigand
  3133 | D:4      | Noticed an ancient zyme
  3456 | D:4      | Killed a black bear
  3457 | D:4      | Reached XP level 6. HP: 38/38 MP: 6/6
  3495 | D:5      | Entered Level 5 of the Dungeon
  3533 | D:5      | Noticed an ice beast
  3549 | D:5      | Killed an ice beast
  3550 | D:5      | Reached skill level 4 in Unarmed Combat
  3576 | D:5      | Reached skill level 5 in Evocations
  3576 | D:5      | Reached XP level 7. HP: 43/43 MP: 7/7
  3585 | D:5      | Found a white marble altar of Elyvilon.
  3613 | D:5      | Noticed Pikel
  3660 | D:5      | Reached skill level 5 in Unarmed Combat
  3689 | D:5      | Found a hazy altar of Hepliaklqana.
  3690 | D:5      | Found a shadowy altar of Dithmenos.
  3693 | D:5      | Found a glowing golden altar of the Shining One.
  3817 | D:5      | Killed Pikel
  3818 | D:5      | Reached skill level 6 in Unarmed Combat
  3818 | D:5      | Reached XP level 8. HP: 31/48 MP: 8/8
  3895 | D:5      | Found a stormy altar of Qazlal.
  3933 | D:5      | Reached skill level 5 in Dodging
  3994 | D:5      | Found a staircase to the Ecumenical Temple.
  4026 | D:5      | Reached skill level 7 in Unarmed Combat
  4035 | Temple   | Entered the Ecumenical Temple
  4370 | D:6      | HP: 2/50 [centaur/arrow (12)]
  4674 | D:6      | Identified the +8 tower shield of Discretion {Regen+ Str+3}
  4838 | D:6      | Found an ancient bone altar of Kikubaaqudgha.
  4889 | D:6      | Found a sacrificial altar of Ru.
  5005 | D:6      | Found a snail-covered altar of Cheibriados.
  5268 | D:6      | Slain by a kobold brigand

Illustrated notes

Levels and vault maps discovered:
D:1:      erik_arrival_orb_chamber, layout_basic,
          shapermc_ecumenical_altar_mp_urbaneastern, serial_shops,
          nicolae_lakefront_shop, minmay_misc_feat_room, amethyst_killhole
D:2:      layout_loops_cross, uniq_jessica
D:3:      layout_loops_corners, minmay_box_of_dots
D:4:      layout_basic, gammafunk_ghost_abyssal_escape, grunt_ministairs_10
D:5:      layout_loops_ring, nicolae_qazlal_eye_of_the_storm, minitemple,
          minmay_temple_entry_sparse_star, uniq_pikel
D:6:      layout_cave_pods, mainiacjoe_overflow_paths, hangedman_ru_absence,
          cheibriados_altar_1, nicolae_concentric_dashed_squares_wild
Temple:   eino_wide_crystal_templ

Skill      XL: |  1  2  3  4  5  6  7  8 |
---------------+-------------------------+-----
Evocations     | 4 5 6 |  6.3
Dodging        | 3 4 5 |  5.4
Unarmed Combat | 1 2 3 4 6 7 |  7.5
Fighting       | 2 |  2.1
Stealth        | |  1.3
Shields        | |  0.6

Action                     |  1- 3 |  4- 6 |  7- 9 || total
---------------------------+-------+-------+-------++-------
  Melee: Unarmed           |    78 |   110 |    76 ||   264
         Constrict         |    22 |    31 |    19 ||    72
         Tentacles         |    17 |    25 |    30 ||    72
         Punch             |     1 |    10 |     6 ||    17
  Evoke: Wand              |       |    13 |    10 ||    23
    Use: Scroll            |       |       |     6 ||     6
   Stab: Sleeping          |     5 |    15 |     7 ||    27
         Distracted        |     1 |       |       ||     1
 Armour: Skin              |     8 |     8 |       ||    16
  Dodge: Dodged            |    50 |    65 |    46 ||   161
  Block: Other             |       |     1 |    16 ||    17
         Reflection        |       |       |     3 ||     3
